Map: Port Aleksander LE

Players

Chicken

  • Race: Protoss Protoss
  • League: Platinum
  • Spawn Location: 5:00

Yocto - Winner!

  • Race: Zerg Zerg
  • League: Platinum
  • Spawn Location: 11:00

VOD

Have the link to the VOD?

Description

Time

  • Played on: Dec. 22, 2018, 10:41 a.m.
  • Length: 12:25
Show
View Real Time Build Order
Export as new Build Order

Chicken Protoss 

Build Orders: Double Forge 

Get SALT Encoding   

  12  0:09  Pylon  
  12  0:13  Probe  
  13  0:25  Probe  
  14  0:33  Gateway, Probe  
  14  0:41  Probe  
  16  0:50  Pylon  
  16  0:52  Probe  
  17  1:03  Assimilator  
  17  1:04  Probe  
  18  1:12  Probe  
  19  1:20  Probe  
  19  1:21  Gateway  
  20  1:32  Forge  
  20  1:39  Zealot  
  22  2:07  Nexus  
  22  2:19  Cybernetics Core  
  22  2:29  Probe  
  22  2:31  Assimilator  
  22  2:33  Pylon  
  23  2:37  Probe  
  24  2:46  Probe  
  25  2:59  Shield Battery  
  25  3:05  Photon Cannon  
  25  3:15  Probe  
  25  3:19  Pylon  
  26  3:20  Probe  
  26  3:22  Assimilator  
  26  3:23  Probe  
  27  3:28  Probe  
  27  3:32  Pylon  
  27  3:33  Probe  
  27  3:34  Warp Gate  
  29  3:37  Probe  
  31  3:46  Stalker  
  31  3:47  Stalker  
  35  3:51  Probe  
  36  3:56  Probe  
  37  4:03  Probe  
  37  4:08  Probe  
  37  4:09  Forge  
  39  4:12  Twilight Council  
  39  4:17  Protoss Ground Weapons Level 1  
  39  4:23  Probe  
  40  4:31  Probe  
  40  4:34  Stalker x2  
  45  4:41  Probe  
  46  4:51  Robotics Facility, Probe  
  47  5:03  Probe  
  47  5:06  Photon Cannon  
  48  5:10  Charge  
  48  5:11  Photon Cannon  
  48  5:14  Protoss Ground Armor Level 1  
  48  5:15  Probe  
  48  5:21  Gateway  
  49  5:22  Gateway  
  49  5:27  Probe, Zealot x2  
  54  5:30  Immortal  
  54  5:33  Assimilator  
  58  5:46  Probe  
  59  6:05  Zealot x2  
  59  6:09  Immortal  
  67  6:12  Nexus  
  67  6:19  Stalker  
  69  6:28  Pylon  
  69  6:31  Pylon  
  69  6:36  Pylon  
  69  6:38  Pylon  
  69  6:41  Pylon  
  69  6:51  Protoss Ground Weapons Level 2  
  69  6:55  Protoss Ground Armor Level 2  
  69  6:56  Pylon  
  69  6:59  Photon Cannon  
  69  7:00  Stalker x2  
  69  7:01  Stalker  
  75  7:02  Photon Cannon  
  75  7:21  Probe  
  75  7:25  Photon Cannon  
  75  7:26  Probe  
  75  7:29  Probe  
  76  7:30  Probe  
  76  7:34  Probe  
  79  7:38  Probe  
  79  7:39  Probe  
  82  7:44  Probe  
  82  7:48  Gateway  
  82  7:50  Gateway  
  82  7:51  Probe  
  84  7:52  Gateway  
  84  7:58  Probe  
  84  8:03  Probe  
  86  8:10  Zealot x2  
  86  8:11  Stalker x2  
  94  8:15  Probe  
  95  8:27  Templar Archives  
  95  8:29  Robotics Bay  
  93  8:34  Dark Shrine  
  93  8:40  Pylon  
  93  8:43  Probe, Pylon  
  93  8:47  Robotics Facility, Assimilator  
  94  8:49  Assimilator  
  94  8:51  Zealot x2  
  94  8:52  Probe, Zealot x2  
  102  9:02  Probe  
  103  9:04  Protoss Ground Weapons Level 3  
  104  9:12  Protoss Ground Armor Level 3  
  104  9:24  Nexus  
  104  9:25  Pylon  
  104  9:29  Pylon  
  104  9:33  Pylon  
  104  9:34  Assimilator  
  104  9:41  Assimilator  
  104  9:52  Photon Cannon  
  104  9:55  Photon Cannon, Stalker x2  
  104  9:56  Stalker x2  
  104  9:57  Stalker x2  
  104  9:59  Photon Cannon  
  116  10:13  Warp Prism  
  116  10:14  Observer  
  95  10:24  Zealot x4  
  95  10:25  Zealot x3  
  103  10:35  Observer  
  88  10:48  Zealot x2  
  88  10:49  Zealot x5  
  102  10:58  Observer  
  102  10:59  Immortal  
  102  11:01  Probe  
  107  11:09  Probe  
  108  11:18  Probe x2  
  111  11:19  Probe  
  112  11:30  Probe x2  
  112  11:31  Probe  
  115  11:42  Probe  
  61  11:59  Zealot x4  
  61  12:00  Zealot x3  
Show
View Real Time Build Order
Export as new Build Order

Yocto Zerg - Winner!

Build Orders: Pool First, Lurkers 

Get SALT Encoding   

  12  0:01  Drone  
  13  0:14  Overlord  
  13  0:20  Drone  
  14  0:35  Drone x2  
  16  0:38  Drone  
  17  1:05  Spawning Pool  
  17  1:06  Extractor, Drone  
  17  1:07  Drone  
  17  1:24  Hatchery  
  16  1:35  Drone x2  
  16  1:36  Drone  
  19  2:00  Overlord  
  19  2:08  Drone x2  
  21  2:22  Drone  
  22  2:24  Queen  
  24  2:31  Zergling x2  
  26  2:44  Drone x2  
  26  2:46  Queen  
  26  2:49  Hatchery  
  28  2:53  Metabolic Boost  
  28  3:05  Drone x3  
  30  3:06  Drone  
  32  3:13  Overlord  
  32  3:18  Drone  
  33  3:22  Overlord  
  33  3:36  Drone  
  33  3:37  Drone x4  
  33  3:39  Extractor  
  37  3:41  Extractor  
  37  3:44  Queen  
  38  3:49  Queen  
  38  3:55  Drone x3  
  43  4:02  Drone x3  
  46  4:07  Drone  
  46  4:08  Drone x3  
  50  4:19  Overlord  
  50  4:20  Overlord x2  
  50  4:24  Queen  
  50  4:31  Lair  
  52  4:42  Extractor, Drone x3  
  54  4:57  Drone x5  
  54  4:58  Drone x5  
  64  5:10  Zergling x12  
  70  5:19  Evolution Chamber  
  70  5:21  Evolution Chamber  
  68  5:24  Extractor x2, Drone x5  
  68  5:26  Overlord x2  
  71  5:32  Hydralisk Den  
  71  5:33  Drone x2  
  72  5:54  Zerg Missile Weapons Level 1, Zerg Ground Armor Level 1  
  72  6:02  Roach Warren  
  72  6:03  Drone x3  
  74  6:08  Overlord x3  
  75  6:11  Drone x3  
  75  6:13  Drone  
  75  6:14  Drone x2  
  75  6:16  Drone  
  81  6:26  Muscular Augments  
  81  6:33  Hatchery  
  79  6:47  Hydralisk  
  79  6:49  Hydralisk x6  
  79  6:50  Hydralisk x5  
  103  7:00  Hydralisk  
  105  7:05  Overlord x4  
  105  7:06  Overlord, Hydralisk Den  
  104  7:11  Hydralisk  
  106  7:18  Overlord x2  
  106  7:31  Hydralisk x6  
  106  7:32  Hydralisk x3  
  124  7:49  Grooved Spines  
  124  7:51  Lurker Den  
  124  7:54  Zerg Missile Weapons Level 2  
  124  7:55  Zerg Ground Armor Level 2  
  124  7:57  Hydralisk x3  
  124  7:58  Hydralisk x2  
  133  8:07  Zergling x10  
  133  8:08  Zergling x4  
  133  8:09  Zergling x2  
  141  8:51  Baneling Nest  
  141  8:54  Hydralisk  
  141  8:55  Hydralisk x9  
  142  8:57  Overlord x4  
  142  8:58  Overlord  
  160  9:13  Overseer x3  
  160  9:15  Overlord x6, Queen  
  162  9:29  Lurker x2  
  162  9:30  Lurker x6  
  162  9:31  Lurker  
  171  9:32  Zergling x4  
  171  9:33  Zergling x6  
  171  9:36  Baneling  
  171  9:37  Baneling x5  
  171  9:38  Baneling x2  
  176  9:39  Baneling x2  
  176  9:40  Baneling  
  176  9:41  Baneling  
  176  9:48  Infestation Pit  
  146  10:38  Hydralisk x3  
  146  10:39  Hydralisk x15  
  182  10:54  Centrifical Hooks  
  182  11:00  Hive  
  182  11:04  Extractor  
  182  11:05  Extractor, Drone x3  
  182  11:07  Drone  
  182  11:08  Drone  
  182  11:09  Drone x2  
  187  11:19  Zergling x12  
  159  11:58  Zergling x30  
  175  12:01  Lurker x4  
  175  12:02  Lurker x2  
  175  12:06  Zergling x6  
Tags
 
Add a new tag
Caveats
  • Supply blocks, unpowered buildings, or Contaminate may cause inaccurate times.
  • Supply counts are checked every 10 seconds.